 Dungeon Crawl Stone Soup version 0.29.1-13-g9f3cf754e1 (webtiles) character file.

Game seed: 16769264167543540815

7594 croobank the Conjurer (level 10, -1/76 HPs)
             Began as a Demonspawn Conjurer on Feb 1, 2023.
             Was an Initiate of Gozag.
             Slain by an orc warrior
             ... wielding a +0 dire flail
              (19 damage)
             ... on level 8 of the Dungeon on Feb 2, 2023.
             The game lasted 00:45:22 (12482 turns).

croobank the Conjurer (Demonspawn Conjurer)        Turns: 12482, Time: 00:45:22

Health: -1/76      AC:  9    Str:  8    XL:     10   Next: 97%
Magic:  5/19       EV: 11    Int: 23    God:    Gozag
Gold:   1295       SH:  0    Dex: 12    Spells: 6/21 levels left

rFire   . . .      SeeInvis +   L - staff of conjuration
rCold   . . .      Faith    .   (no shield)
rNeg    . . .      Spirit   .   I - +0 ring mail of Sorcery {SInv Stlth+}
rPois   .          Reflect  .   (no helmet)
rElec   .          Harm     .   r - +2 cloak {Stlth+}
rCorr   .          Rampage  .   (no gloves)
Will    .....                   z - +0 pair of boots
Stlth   +++++.....              u - amulet of regeneration
HPRegen 1.02/turn               g - ring of wizardry
MPRegen 0.16/turn               y - ring of see invisible

@: mighty, gold aura
A: ignite blood 2, powered by death 1, demonic touch 2
a: Renounce Religion, Potion Petition, Call Merchant, Bribe Branch


You were on level 8 of the Dungeon.
You worshipped Gozag.
Gozag was most pleased with you.
You visited 2 branches of the dungeon, and saw 10 of its levels.
You also visited: Ossuary.

You collected 1777 gold pieces.
You spent 440 gold pieces at shops.
You paid 42 gold pieces to Gozag.

Inventory:

Hand Weapons
 c - a +2 dagger of venom
 n - a +0 spear
 o - the +4 falchion "Mall" {antimagic, rCorr}
   (You found it on level 2 of the Dungeon)

   It reduces the magical energy of the wielder, and disrupts the spells and
   magical abilities of those it strikes.
   Natural abilities and divine invocations are not affected.
   rCorr:     It protects you from acid and corrosion.
 t - a +1 long sword of freezing
 A - a +2 dagger of speed
 F - a +2 quarterstaff of chaos
 N - a +1 morningstar of freezing
 P - a +4 hand axe
 Q - a +4 great sword
 R - a +5 scimitar
Missiles
 b - 19 poisoned darts
 C - 3 boomerangs
Armour
 r - a +2 cloak of stealth (worn)
 z - a +0 pair of boots (worn)
 B - a +1 leather armour of cold resistance
 I - the +0 ring mail of Sorcery (worn) {SInv Stlth+}
   (You found it on level 7 of the Dungeon)

   SInv:      It lets you see invisible.
   Stlth:     It makes you more stealthy.
Magical Staves
 J - a staff of death
 L - a staff of conjuration (weapon)
Jewellery
 g - a ring of wizardry (left hand)
 m - a ring of positive energy
 u - an amulet of regeneration (around neck)
 y - a ring of see invisible (right hand)
 K - a ring of fire
Wands
 a - a wand of flame (23)
 e - a wand of roots (7)
 D - a wand of acid (7)
 G - a wand of mindburst (12)
Scrolls
 j - 2 scrolls of immolation
 l - a scroll of silence
 q - 3 scrolls of teleportation
 v - a scroll of summoning {unknown}
 w - 2 scrolls of butterflies
 H - a scroll of enchant weapon
 O - 2 scrolls of identify
 S - 2 scrolls of blinking
Potions
 d - 3 potions of attraction
 f - a potion of heal wounds
 h - 4 potions of curing
 i - 2 potions of mutation
 k - 3 potions of haste {unknown}
 p - 2 potions of flight {unknown}
 s - 2 potions of berserk rage
 E - a potion of degeneration {unknown}
 M - a potion of lignification {unknown}


   Skills:
 + Level 5.9 Fighting
 + Level 5.4 Long Blades
 + Level 2.6 Armour
 + Level 6.0 Dodging
 + Level 6.6 Stealth
 + Level 6.1 Spellcasting
 + Level 7.7 Conjurations
 + Level 3.5 Hexes
 + Level 2.8 Summonings
 + Level 3.2 Fire Magic


You had 6 spell levels left.
You knew the following spells:

 Your Spells              Type           Power      Damage    Failure   Level
a - Magic Dart            Conj           100%       1d8       1%          1
b - Searing Ray           Conj           100%       2d8       1%          2
c - Dazzling Flash        Conj/Hex       98%        N/A       3%          3
d - Scorch                Fire           42%        2d7       4%          2
e - Fulminant Prism       Conj/Hex       24%        3d13      10%         4
f - Summon Guardian Gole  Hex/Summ       21%        N/A       9%          3

Your spell library contained the following spells:

 Spells                   Type           Power      Damage    Failure   Level
 Summon Small Mammal      Summ           80%        N/A       3%          1
 Call Canine Familiar     Summ           20%        N/A       9%          3
 Sandblast                Erth           14%        2d6       10%         1
 Flame Wave               Conj/Fire      48%        2d12      11%         4
 Iskenderun's Mystic Bla  Conj/Tloc      37%        2d9       21%         4
 Summon Lightning Spire   Summ/Air       13%        N/A       45%         4
 Summon Mana Viper        Hex/Summ       21%        N/A       56%         5
 Ice Form                 Ice/Tmut       7%         N/A       65%         4
 Yara's Violent Unravell  Hex/Tmut       7%         3d5       75%         5
 Blade Hands              Tmut           3%         N/A       92%         5
 Summon Cactus Giant      Summ           10%        N/A       98%         6
 Malign Gateway           Summ/Tloc      6%         N/A       100%        7
 Storm Form               Tmut/Air       3%         N/A       100%        7
 Maxwell's Capacitive Co  Air            3%         ∞         100%        8


Dungeon Overview and Level Annotations

Branches:
Dungeon (9/15)             Temple (1/1) D:6            Lair (0/5) D:8
Ossuary (visited)
    Orc: D:9-12

Altars:
Ashenzari
Cheibriados
Dithmenos
Fedhas
Gozag
Nemelex Xobeh
Okawaru
Qazlal
Ru
Sif Muna
Trog
Xom
Yredelemnul

Shops:
D:5 :   D:6 :   D:8 :


Innate Abilities, Weirdness & Mutations

Your demonic aura often causes spilled blood to erupt in flames.
You regenerate a little health from kills.
Your touch may inflict irresistible damage on your foes.


Message History

Your touch misses the orc warrior.
The orc warrior is heavily wounded.
The fungus is engulfed in blazing flames.
The orc warrior hits you with a +0 dire flail!
* * * LOW HITPOINT WARNING * * *
The orc warrior is engulfed in blazing flames.
You kill the orc warrior!
The orc hits the fungus with a +0 whip.
You catch the helpless orc warrior completely off-guard!
You hit the orc warrior but do no damage.
The orc warrior is heavily wounded.
The fungus is engulfed in blazing flames.
The orc is no longer blind.
The orc warrior barely misses you.
The orc is distracted by your dazzling golden aura.
The orc shouts!
You hit the orc warrior. Your touch misses the orc warrior.
The orc warrior is heavily wounded.
The fungus is engulfed in blazing flames.
The orc is no longer distracted by gold.
Casting: Dazzling Flash (dangerous; 3% risk of failure)
Confirm with . or Enter, or press ? or * to list all spells.
You don't know that spell.
You closely miss the orc. Your touch misses the orc.
A nearby fungus withers and dies.
The orc warrior is no longer blind.
The orc completely misses you. The orc hits you but does no damage.
Casting: Dazzling Flash (dangerous; 3% risk of failure)
Confirm with . or Enter, or press ? or * to list all spells.
Casting: Dazzling Flash (dangerous; 3% risk of failure)
Press: ? - help, Dir - look around, f - activate You feel a surge of power!
The orc warrior is dazzled.
The orc is dazzled. x2
The orc warrior hits you with a +0 dire flail.
* * * LOW HITPOINT WARNING * * *
The orc barely misses you.
The orc is distracted by your dazzling golden aura.
The orc shouts!
You hit the orc warrior.
You touch the orc warrior.
The orc warrior is almost dead.
The orc warrior hits you with a +0 dire flail!!
You die...
Your body crumbles into a pile of gold.

.)..##....## ....##.....#
....#......# ....#......#
....#..[.).# #######
....#....)######.....#########
....##....##...#.....#.......#
....##....##.........'......##
.....#.........o@....#......#
.....#.....>.....o...#......#
.....'........P......#......#
######....#...o......P......#
....##'###...............#..#
....##...................####
.........^..♣.......♣.....#
...........♣..............#
...........♣....>.........#


You could see an orc warrior (blind) and 2 orcs.

Vanquished Creatures
  A two-headed ogre (D:8)
  Pikel (D:6)
  Joseph (D:8)
  Grinder (D:3)
  2 wyverns (D:8)
  A basilisk (D:8)
  8 yaks (D:8)
  2 steam dragons
  Edmund (Temple)
  An acid dragon (D:8)
  6 water moccasins
  Duvessa (D:5)
  An orc warrior (D:8)
  2 sky beasts
  An ice beast (D:6)
  3 black bears
  2 ogres
  4 lemures (Temple)
  2 centaurs
  A phantom (D:5)
  A kobold brigand (D:7)
  2 bullfrogs
  4 scorpions
  A necrophage (Temple)
  Dowan (D:5)
  12 wights (D:8)
  5 jellies
  2 hounds
  Crazy Yiuf (D:6)
  7 orc priests
  3 iguanas
  Natasha (twice) (D:3)
  7 orc wizards
  2 mummies (Ossuary)
  8 gnolls
  5 adders
  3 white imps
  An ufetubus (D:4)
  A worm (D:2)
  4 dart slugs
  30 orcs
  7 ball pythons
  7 endoplasms
  7 giant cockroaches
  2 gnoll zombies (Ossuary)
  6 hobgoblins
  2 quokkas
  6 bats
  7 frilled lizards
  7 goblins
  5 goblin zombies (Ossuary)
  3 hobgoblin zombies (Ossuary)
  8 kobolds
  4 orc zombies (Ossuary)
  4 rats
  2 rat zombies (D:4)
  A bush (D:2)
222 creatures vanquished.

Vanquished Creatures (others)
  2 fulminant prisms (D:8)
  3 fungi (D:8)
  15 plants (D:8)
20 creatures vanquished.

Grand Total: 242 creatures vanquished

Notes
Turn   | Place    | Note
-------+----------+-------------------------------------------
     0 | D:1      | croobank the Demonspawn Conjurer began the quest for the
                  | Orb.
     0 | D:1      | Reached XP level 1. HP: 13/13 MP: 3/3
   294 | D:1      | Gained mutation: Your touch may inflict minor irresistible
                  | damage on your foes. [demonic ancestry]
   294 | D:1      | Reached XP level 2. HP: 19/19 MP: 3/5
   395 | D:1      | Learned a level 2 spell: Searing Ray
   596 | D:1      | Found a faded altar of an unknown god.
  1250 | D:2      | Reached XP level 3. HP: 24/24 MP: 0/6
  1457 | D:2      | Identified the +4 falchion "Mall" {antimagic, rCorr}
  1612 | D:2      | Gained mutation: Your demonic aura sometimes causes spilled
                  | blood to erupt in flames. [demonic ancestry]
  1612 | D:2      | Reached XP level 4. HP: 25/31 MP: 2/7
  1808 | D:2      | Learned a level 3 spell: Dazzling Flash
  2189 | D:3      | Noticed Grinder
  2212 | D:3      | Paralysed by Grinder for 2 turns
  2215 | D:3      | Killed Grinder
  2216 | D:3      | Reached skill level 1 in Fighting
  2216 | D:3      | Reached skill level 1 in Long Blades
  2216 | D:3      | Reached XP level 5. HP: 9/38 MP: 0/9
  2216 | D:3      | Gained mutation: Your demonic aura often causes spilled
                  | blood to erupt in flames. [demonic ancestry]
  2216 | D:3      | Reached XP level 6. HP: 10/44 MP: 0/10
  2908 | D:3      | Found a snail-covered altar of Cheibriados.
  2984 | D:3      | Found an opulent altar of Gozag.
  2998 | D:3      | Became a worshipper of Gozag Ym Sagoz the Greedy
  3414 | D:3      | Noticed Natasha
  3419 | D:3      | Killed Natasha
  3658 | D:3      | Noticed Natasha
  3665 | D:3      | Killed Natasha
  4244 | D:4      | Reached skill level 5 in Conjurations
  4546 | D:4      | Found a sand-covered staircase.
  4570 | Ossuary  | Entered an ossuary
  4702 | Ossuary  | Gained mutation: Your touch may inflict irresistible damage
                  | on your foes. [demonic ancestry]
  4702 | Ossuary  | Reached XP level 7. HP: 51/51 MP: 4/12
  5214 | D:4      | You fall into a shaft and drop 2 floors!
  5216 | D:6      | Found a staircase to the Ecumenical Temple.
  5230 | D:6      | Noticed Pikel
  5231 | Temple   | Entered the Ecumenical Temple
  5250 | D:6      | Noticed Edmund
  5374 | Temple   | Killed Edmund
  5793 | D:6      | Killed Pikel
  5794 | D:6      | Reached XP level 8. HP: 48/59 MP: 1/14
  5950 | D:6      | Reached skill level 6 in Conjurations
  6032 | D:6      | Learned a level 2 spell: Scorch
  6546 | D:6      | Reached skill level 5 in Stealth
  6655 | D:5      | Entered Level 5 of the Dungeon
  6659 | D:5      | Noticed Duvessa
  6668 | D:5      | Noticed Dowan
  6669 | D:5      | Gained mutation: You regenerate a little health from kills.
                  | [demonic ancestry]
  6669 | D:5      | Reached XP level 9. HP: 65/65 MP: 0/16
  6674 | D:5      | Killed Duvessa
  6680 | D:5      | Killed Dowan
  6686 | D:5      | Reached skill level 5 in Spellcasting
  7404 | D:5      | Found a broken altar of Ashenzari.
  7416 | D:5      | Found a sparkling altar of Nemelex Xobeh.
  7547 | D:5      | Got the Omnibus of Solid Variation
  7690 | D:5      | Found Tuetaode's Book Emporium.
  7698 | D:5      | Bought a book of the Sky for 440 gold pieces
  7714 | D:5      | Reached skill level 5 in Dodging
  8085 | D:6      | Learned a level 4 spell: Fulminant Prism
  8224 | D:6      | Found a runed translucent door.
  8225 | D:6      | Noticed Crazy Yiuf
  8232 | D:6      | Killed Crazy Yiuf
  8233 | D:6      | Reached skill level 1 in Hexes
  8391 | D:6      | Found Mokhliad's Book Boutique.
  8400 | D:6      | Found a blossoming altar of Fedhas.
  8449 | D:6      | Reached skill level 1 in Fire Magic
  9029 | D:7      | Reached skill level 5 in Fighting
  9062 | D:7      | Reached skill level 7 in Conjurations
  9188 | D:7      | Found a shadowy altar of Dithmenos.
  9234 | D:7      | Found a stormy altar of Qazlal.
  9386 | D:7      | Learned a level 3 spell: Summon Guardian Golem
  9486 | D:7      | Found a bloodstained altar of Trog.
  9486 | D:7      | Found an iron altar of Okawaru.
  9578 | D:7      | Got the Encyclopedia of Amassed Clouds
  9582 | D:7      | Identified the +0 ring mail of Sorcery {SInv Stlth+}
  9826 | D:8      | Reached skill level 1 in Armour
  9826 | D:8      | Reached XP level 10. HP: 64/74 MP: 5/18
  9973 | D:8      | Reached skill level 1 in Summonings
 10314 | D:8      | Found a staircase to the Lair.
 10324 | D:8      | Reached skill level 5 in Long Blades
 11031 | D:8      | Noticed Joseph
 11032 | D:8      | Found Mootiuj's Book Emporium.
 11044 | D:8      | Killed Joseph
 11440 | D:8      | Noticed a two-headed ogre
 11447 | D:8      | Killed a two-headed ogre
 12482 | D:8      | Slain by an orc warrior

Illustrated notes

Levels and vault maps discovered:
D:1:      dpeg_arrival_pits, layout_rooms, shapermc_ecumenical_altar_notcrosses
D:2:      layout_rooms, hex_large, minmay_hedge_maze
D:3:      layout_loops_corners, nicolae_gozag_cash_rules_everything_around_me,
          mainiacjoe_overflow_chevrons, uniq_grinder, uniq_natasha
D:4:      layout_cave_pods, enter_ossuary_4
D:5:      layout_loops_ring, ashenzari_altar_1, mainiacjoe_overflow_boulevard,
          serial_shops, nicolae_shop_crystal, uniq_duvessa
D:6:      layout_loops_cross, mainiacjoe_overflow_alcove_1,
          minmay_temple_entry_mist, serial_shops, shop, uniq_pikel, uniq_edmund,
          uniq_crazy_yiuf_cottage
D:7:      layout_gridville, grunt_temple_overflow_bloody_war,
          overflow_temple_1_default, nicolae_qazlal_general_emergency
D:8:      layout_gridville, mainiacjoe_overflow_alcove_4,
          minmay_lair_entry_grove, serial_shops, nicolae_shop_advertising_works
          [nicolae_subvault_shop_adworks], uniq_joseph
D:9:      minmay_statue_hallways, layout_rooms, mainiacjoe_overflow_brackets,
          vehumet_statue, orc_david_3
Temple:   hellmonk_temple_rainy

Skill      XL: |  1  2  3  4  5  6  7  8  9 10 |
---------------+-------------------------------+-----
Stealth        | 2 3 4 5 6 |  6.6
Dodging        | 2 3 4 5 6 |  6.0
Fighting       | 1 2 3 4 5 |  5.9
Long Blades    | 1 2 3 4 5 |  5.4
Spellcasting   | 3 4 5 6 |  6.1
Conjurations   | 5 6 7 |  7.7
Hexes          | 2 3 |  3.5
Fire Magic     | 2 3 |  3.2
Armour         | 1 2 |  2.6
Summonings     | 2 |  2.8

Action                   |  1- 3 |  4- 6 |  7- 9 | 10-12 || total
-------------------------+-------+-------+-------+-------++-------
Melee: Short sword       |     3 |       |       |       ||     3
       Falchion          |    42 |    75 |   139 |       ||   256
       Touch             |    12 |    11 |    26 |     4 ||    53
       Punch             |     1 |       |     3 |     1 ||     5
       Long sword        |       |    14 |       |       ||    14
       Staff             |       |       |    24 |    22 ||    46
       Dagger            |       |       |     2 |       ||     2
 Cast: Magic Dart        |    32 |     8 |    34 |    44 ||   118
       Searing Ray       |    10 |    17 |    44 |    36 ||   107
       Scorch            |       |       |     3 |     2 ||     5
       Dazzling Flash    |       |       |     5 |     9 ||    14
       Fulminant Prism   |       |       |       |     2 ||     2
  Use: Potion            |       |     1 |     5 |     3 ||     9
       Scroll            |       |       |    13 |     1 ||    14
 Stab: Sleeping          |       |     3 |     7 |       ||    10
       Invisible         |       |       |     3 |     1 ||     4
Armor: Robe              |     3 |    18 |       |       ||    21
       Leather armour    |       |       |    42 |       ||    42
       Ring mail         |       |       |    10 |    29 ||    39
Dodge: Dodged            |    19 |    43 |   121 |    40 ||   223
